 Dungeon Crawl Stone Soup version 0.31-a0-986-g5e6e4ef867 (webtiles) character file.

Game seed: 5075609368603143396

98252 Pooter the Severer (level 15, 0/145 HPs)
             Began as a Minotaur Berserker on Nov 13, 2023.
             Was an Elder of Trog.
             Slain by a harpy (5 damage)
             ... on level 1 of the Shoals.
             The game lasted 02:21:05 (38066 turns).

Pooter the Severer (Minotaur Berserker)            Turns: 38066, Time: 02:21:05

Health: 0/145      AC: 17    Str: 30    XL:     15   Next: 74%
Magic:  14/14      EV:  4    Int: 10    God:    Trog [****..]
Gold:   700        SH:  0    Dex: 13    Spells: 14/14 levels left

rFire   + . .        a - +2 battleaxe
rCold   + . .        (shield currently unavailable)
rNeg    + . .        v - +3 plate armour
rPois   .            J - +0 hat {SInv}
rElec   .            A - scarf {rC+ rF+}
rCorr   .            n - +0 pair of gloves
SInv    +            (no boots)
Will    +....        q - amulet of reflection Stlth
                     Q - ring "Fuonej" {Str+3 Slay+4}
HPRegen 0.44/turn    i - ring of Filliodi {Fly rN+ Int+4 Dex+3}
MPRegen 0.14/turn

%: reflection
@: on berserk cooldown, flying, held, slowed, very slow
A: horns 2, retaliatory headbutt, iridescent scales 1
a: Renounce Religion, Berserk, Trog's Hand, Brothers in Arms


You were on level 1 of the Shoals.
You worshipped Trog.
Trog was greatly pleased with you.
You visited 4 branches of the dungeon, and saw 23 of its levels.
You also visited: Bailey and Gauntlet.

You collected 2683 gold pieces.
You spent 1983 gold pieces at shops.

Inventory:

Hand Weapons
 a - a +2 battleaxe (weapon)
   (You took it off a wight on level 6 of the Dungeon)
 b - a +2 longbow
   (You found it on level 10 of the Dungeon)
 c - a +3 dire flail
   (You took it off a wight on level 6 of the Dungeon)
 P - a +7 trident of protection
   (You took it off a gnoll sergeant on level 12 of the Dungeon)
 R - a +0 great mace of holy wrath
   (You took it off Urug on level 2 of the Lair of Beasts)
 Z - a +4 morningstar of protection
   (You found it on level 10 of the Dungeon)
Missiles
 h - 5 silver javelins
 r - 15 javelins
 B - 5 curare-tipped darts
 F - 14 boomerangs (quivered)
Armour
 n - a +0 pair of gloves (worn)
   (You found it on level 3 of the Dungeon)
 v - a +3 plate armour (worn)
   (You found it on level 4 of the Dungeon)
 A - a scarf of resistance (worn)
   (You found it on level 9 of the Dungeon)
 J - a +0 hat of see invisible (worn)
   (You found it on level 2 of the Orcish Mines)
 T - a +0 cloak of preservation
   (You found it on level 3 of the Lair of Beasts)
Jewellery
 g - the ring "Veabrili" {Will+ Str+3 SInv}
   (You took it off a minotaur in a Gauntlet)

   [ring of willpower]

   Str+3:     It affects your strength (+3).
   Will+:     It increases your willpower.
   SInv:      It lets you see invisible.
 i - the ring of Filliodi (right hand) {Fly rN+ Int+4 Dex+3}
   (You found it in a Gauntlet)

   [ring of flight]

   Int+4:     It affects your intelligence (+4).
   Dex+3:     It affects your dexterity (+3).
   rN+:       It protects you from negative energy.
   Fly:       It grants you flight.
 q - an amulet of reflection (around neck)
   (You found it in a Gauntlet)
 w - a +4 ring of protection
   (You found it on level 5 of the Dungeon)
 C - a ring of resist corrosion
   (You found it on level 3 of the Lair of Beasts)
 I - the ring "Newohoak" {Str+3 Int+6}
   (You found it on level 1 of the Orcish Mines)

   [ring of intelligence]

   Str+3:     It affects your strength (+3).
   Int+6:     It affects your intelligence (+6).
 N - a ring of positive energy
   (You found it on level 4 of the Lair of Beasts)
 Q - the ring "Fuonej" (left hand) {Str+3 Slay+4}
   (You bought it in a shop on level 2 of the Orcish Mines)

   [ring of slaying]

   Str+3:     It affects your strength (+3).
   Slay+4:    It affects your accuracy & damage with ranged weapons and melee
   (+4).
 S - a ring of see invisible
   (You found it on level 14 of the Dungeon)
 X - a +5 ring of evasion
   (You found it in a Gauntlet)
Wands
 f - a wand of flame (34)
   (You found it on level 5 of the Dungeon)
 s - a wand of roots (6)
   (You found it on level 3 of the Dungeon)
 u - a wand of paralysis (31)
   (You found it on level 1 of the Lair of Beasts)
 M - a wand of mindburst (2)
   (You found it in a Gauntlet)
 V - a wand of light (3)
   (You found it on level 11 of the Dungeon)
Scrolls
 d - 5 scrolls of immolation {!r}
 e - 2 scrolls of revelation
 m - 5 scrolls of poison {!r}
 o - 2 scrolls of fog
 t - 13 scrolls of teleportation {@r4}
 x - a scroll of vulnerability {!r}
 z - 4 scrolls of noise {!r}
 D - 3 scrolls of butterflies
 U - a scroll of fear
Potions
 j - a potion of lignification {unknown}
 k - 10 potions of heal wounds {@q2}
 l - 8 potions of curing {@q1}
 p - 3 potions of might
 y - 3 potions of enlightenment
 E - a potion of resistance {unknown}
 H - 2 potions of haste {@q3}
 K - 3 potions of cancellation
 L - 2 potions of attraction {unknown}
 O - 2 potions of invisibility {unknown}
Miscellaneous
 G - a phantom mirror
   (You found it in a Gauntlet)
 W - a tin of tremorstones (2/2)
   (You bought it in a shop on level 2 of the Orcish Mines)


   Skills:
 + Level 16.7 Fighting
 - Level 20.0 Axes
 * Level 18.6 Ranged Weapons
 - Level 2.4 Armour
 - Level 2.1 Dodging
 + Level 6.6 Evocations


You had 14 spell levels left.
You didn't know any spells.
Your spell library was empty.

Dungeon Overview and Level Annotations

Branches:
Dungeon (15/15) Zot: 25660  Temple (0/1) D:5            Lair (5/5) D:11 Zot: 15929
 Shoals (1/4) Lair:3 Zot: 5991  Spider (0/4) Lair:2        Slime (0/5) Lair:4
    Orc (2/2) D:12 Zot: 8163     Elf (0/3) Orc:2        Vaults (0/5) D:13
 Depths (0/4) D:15         Bailey (visited)         Gauntlet (visited)

Altars:
Ashenzari
Dithmenos
Elyvilon
Gozag
Hepliaklqana
Kikubaaqudgha
Okawaru
Qazlal
Ru
Sif Muna
Trog
Uskayaw
Xom
Yredelemnul
Jiyva
Lugonu

Shops:
Orc:2 *(=[


Innate Abilities, Weirdness & Mutations

You have a pair of horns on your head.
You reflexively headbutt those who attack you in melee.
You are partially covered in iridescent scales. (AC +2)


Message History

* * * LOW HITPOINT WARNING * * *
The merfolk hits you from afar with a +0 trident.
* * * LOW HITPOINT WARNING * * *
The merfolk hits you from afar with a +1 trident of freezing.
* * * LOW HITPOINT WARNING * * *
The merfolk hits you from afar with a +0 trident of pain.
* * * LOW HITPOINT WARNING * * *
You struggle against the net.
You feel your anger nearly subside. The harpy claws you but does no damage.
The harpy claws you.
* * * LOW HITPOINT WARNING * * *
The harpy claws you but does no damage. x2
The merfolk hits you but does no damage.
You writhe in agony.
* * * LOW HITPOINT WARNING * * *
The harpy claws you.
* * * LOW HITPOINT WARNING * * *
The harpy claws you but does no damage.
The merfolk hits you from afar with a +1 trident of freezing!
* * * LOW HITPOINT WARNING * * *
The merfolk freezes you.
* * * LOW HITPOINT WARNING * * *
The merfolk hits you from afar with a +0 trident!!
* * * LOW HITPOINT WARNING * * *
You rip the net and break free!
You are no longer berserk.
You are exhausted.
You feel yourself slow down. The harpy claws you!
* * * LOW HITPOINT WARNING * * *
The harpy claws you.
* * * LOW HITPOINT WARNING * * *
You block the harpy's attack. The harpy claws you.
* * * LOW HITPOINT WARNING * * *
The harpy closely misses you. You block the harpy's attack.
The harpy claws you.
* * * LOW HITPOINT WARNING * * *
The harpy barely misses you. You block the harpy's attack.
The harpy claws you but does no damage.
The snapping turtle bites you from afar.
* * * LOW HITPOINT WARNING * * *
Blink to where?
Press: ? - help, Dir - move target
Found a book of Air, 5 stones and 13 gold pieces.
As you read the scroll of blinking, it crumbles to dust.
The merfolk throws a throwing net.
The throwing net hits you.
You become entangled in the net!
You struggle against the net.
The harpy barely misses you.
The harpy claws you but does no damage. x2; The harpy claws you.
You die...

..#### .....
###.... .....#
## ....###$..
....(....
#....:# #@H...#
#.~~≈≈ ##H...#
..~~≈≈ #H....#
..~~≈≈ ...m..#
#...~~≈
.......#....~~≈
~~~~m....~~~~~≈
≈≈≈~..m..t~~~~≈
≈≈≈~...t.m~~~≈≈
≈≈≈~...#..~~~≈≈


You could see a snapping turtle, 3 merfolk and 3 harpies.

Vanquished Creatures
  Rupert (D:14)
  Agnes (D:13)
  The ghost of Daonol the Brawler, a journeyman TrBe of Trog (Orc:1)
  The ghost of Moomnono the Destroyer, a journeyman BaWn of Hepliaklqana (Orc:1)
  The ghost of Etoax the Protected, a journeyman GrFi of Okawaru (Orc:1)
  A stone giant (Orc:1)
  The ghost of Rutzi the Markskobold, a journeyman KoHu of Dithmenos (Orc:1)
  A minotaur (Gauntlet)
  The ghost of p00ps00p the Cleaver, a journeyman HOFi of Gozag (Orc:2)
  A fire dragon (D:15)
  3 ettins (Orc:2)
  An ice dragon (D:15)
  8 vault guards (D:13)
  7 hydras
  2 centaur warriors
  3 boulder beetles
  2 death scarabs (Gauntlet)
  5 two-headed ogres
  3 death yaks (Lair:4)
  3 tengu warriors
  Nergalle (D:10)
  Urug (Lair:2)
  The ghost of ShellytheWitch the Slicer, a novice KoBr of Dithmenos (D:8)
  2 skysharks (Lair:5)
  A spectral death yak (Gauntlet)
  Lodul (D:14)
  2 goliath frogs (Lair:5)
  2 deep elf pyromancers
  An orc knight (Orc:2)
  2 wolf spiders (Lair:3)
  16 ugly things
  4 manticores
  10 elephants
  15 cyclopes
  6 black mambas
  A smoke demon (Gauntlet)
  18 cane toads
  A gargoyle (D:11)
  A minotaur zombie (Gauntlet)
  5 kobold demonologists
  5 yaktaurs (D:15)
  11 komodo dragons
  3 rime drakes
  2 tengu conjurers (D:13)
  A freezing wraith (D:12)
  7 trolls
  A red devil (Gauntlet)
  A polar bear (Lair:5)
  28 blink frogs
  A tyrant leech (Lair:5)
  6 slime creatures (D:13)
  6 dream sheep
  4 culicivoras (Lair:2)
  4 wyverns
  Eustachio (D:3)
  3 wraiths
  17 yaks
  5 basilisks
  A vampire (D:10)
  A spectral komodo dragon (Gauntlet)
  3 steam dragons
  2 humans (D:10)
  A redback (shapeshifter) (D:11)
  21 vampire mosquitoes
  An acid dragon (D:13)
  13 water moccasins
  15 orc warriors
  3 black bears
  2 sky beasts
  3 centaurs
  3 boggarts (D:14)
  13 ogres
  25 wolves
  A phantom (D:5)
  4 kobold brigands
  11 bullfrogs
  3 gnoll sergeants
  A scorpion (D:11)
  10 wights
  9 killer bees
  An electric eel (Lair:5)
  4 howler monkeys
  3 crimson imps (Gauntlet)
  A hound (D:6)
  17 orc priests
  3 jellies
  2 iguanas
  3 gnoll boudas
  18 orc wizards
  40 gnolls
  6 adders
  2 white imps (D:7)
  7 orc simulacra (Orc:2)
  A worm (D:2)
  3 dart slugs
  61 orcs
  5 ball pythons
  10 endoplasms
  6 giant cockroaches
  7 goblins
  3 hobgoblins
  11 kobolds
  2 quokkas
  4 bats
  3 frilled lizards (D:1)
  5 rats
618 creatures vanquished.

Notes
Turn   | Place    | Note
-------+----------+-------------------------------------------
     0 | D:1      | Pooter the Minotaur Berserker began the quest for the Orb.
     0 | D:1      | Reached XP level 1. HP: 19/19 MP: 0/0
    93 | D:1      | Reached skill level 4 in Axes
   142 | D:1      | Reached XP level 2. HP: 25/27 MP: 1/1
   208 | D:1      | Found a faded altar of an unknown god.
   417 | D:1      | Reached ** piety under Trog
   659 | D:1      | Reached XP level 3. HP: 29/33 MP: 2/2
  1236 | D:2      | Reached skill level 5 in Axes
  1557 | D:2      | Reached XP level 4. HP: 41/41 MP: 3/3
  2050 | D:3      | Found a hide-covered altar of Uskayaw.
  2214 | D:3      | Reached skill level 6 in Axes
  2601 | D:3      | Reached XP level 5. HP: 44/44 MP: 4/4
  2780 | D:3      | Found a bloodstained altar of Trog.
  2789 | D:3      | Found a broken altar of Ashenzari.
  2929 | D:4      | Noticed Eustachio
  2939 | D:3      | Reached skill level 5 in Fighting
  2948 | D:3      | Killed Eustachio
  2949 | D:3      | Reached skill level 7 in Axes
  2949 | D:3      | Reached XP level 6. HP: 41/56 MP: 5/5
  3977 | D:5      | Entered Level 5 of the Dungeon
  4024 | D:5      | Found a sacrificial altar of Ru.
  4118 | D:5      | Noticed a water moccasin
  4122 | D:5      | Noticed a wraith
  4131 | D:5      | Killed a water moccasin
  4132 | D:5      | Reached skill level 8 in Axes
  4133 | D:5      | Killed a wraith
  4134 | D:5      | Reached XP level 7. HP: 64/64 MP: 6/6
  4216 | D:5      | Reached skill level 9 in Axes
  4288 | D:5      | Found a hazy altar of Hepliaklqana.
  4288 | D:5      | Found a basalt altar of Yredelemnul.
  4362 | D:5      | Found a staircase to the Ecumenical Temple.
  4830 | D:6      | Reached XP level 8. HP: 73/73 MP: 7/7
  4860 | D:6      | Reached skill level 10 in Axes
  4969 | D:6      | Reached skill level 11 in Axes
  4987 | D:6      | Found an ancient bone altar of Kikubaaqudgha.
  5468 | D:7      | Reached skill level 1 in Ranged Weapons
  5468 | D:7      | Found a flagged portal.
  5503 | Bailey   | Entered a bailey
  5518 | Bailey   | Reached XP level 9. HP: 80/80 MP: 8/8
  6347 | D:7      | Reached skill level 12 in Axes
  7339 | D:8      | Found a shimmering altar of Xom.
  7497 | D:8      | Found a runed translucent door.
  7500 | D:8      | Noticed ShellytheWitch's ghost (novice KoBr)
  7519 | D:8      | Killed ShellytheWitch's ghost
  7520 | D:8      | Reached skill level 13 in Axes
  7520 | D:8      | Reached skill level 5 in Ranged Weapons
  7649 | D:8      | Found a white marble altar of Elyvilon.
  8160 | D:9      | Identified the +3 dagger of the Madman {flame, rElec rF+
                  | rCorr Str+2}
  8528 | D:9      | Reached XP level 10. HP: 93/93 MP: 9/9
  8617 | D:9      | Noticed a two-headed ogre
  8624 | D:9      | Killed a two-headed ogre
  8625 | D:9      | Reached skill level 10 in Fighting
  8844 | D:9      | Reached *** piety under Trog
  8855 | D:9      | Reached skill level 14 in Axes
  9624 | D:10     | Entered Level 10 of the Dungeon
  9632 | D:10     | Found an iron altar of Okawaru.
  9689 | D:10     | Noticed a two-headed ogre
  9695 | D:10     | Killed a two-headed ogre
  9871 | D:10     | Noticed Nergalle
  9884 | D:10     | Killed Nergalle
 10002 | D:10     | Reached XP level 11. HP: 96/102 MP: 10/10
 10021 | D:10     | Found a shadowy altar of Dithmenos.
 10147 | D:10     | Found a shimmering blue altar of Sif Muna.
 10971 | D:11     | Reached skill level 15 in Axes
 11146 | D:11     | Found a staircase to the Lair.
 11920 | D:11     | Noticed a boulder beetle
 11939 | D:11     | Killed a boulder beetle
 11940 | D:11     | Reached skill level 10 in Ranged Weapons
 12227 | Lair:1   | Entered Level 1 of the Lair of Beasts
 13463 | Lair:1   | Reached skill level 16 in Axes
 13961 | Lair:1   | Reached XP level 12. HP: 112/112 MP: 11/11
 14340 | Lair:2   | Noticed Urug
 14460 | Lair:2   | Killed Urug
 15385 | Lair:2   | Reached skill level 17 in Axes
 15613 | Lair:2   | Noticed a seven-headed hydra
 15625 | Lair:2   | Killed a seven-headed hydra
 15752 | Lair:2   | Found a hole to the Spider Nest.
 16880 | Lair:3   | Gained mutation: Your body sometimes deteriorates upon
                  | taking damage. [potion of mutation]
 16880 | Lair:3   | Gained mutation: You are weak. (Str -2) [potion of
                  | mutation]
 16880 | Lair:3   | Gained mutation: You are clumsy. (Dex -2) [potion of
                  | mutation]
 16880 | Lair:3   | Lost mutation: You are clumsy. (Dex -2) [potion of
                  | mutation]
 16881 | Lair:3   | Lost mutation: Your body sometimes deteriorates upon taking
                  | damage. [potion of mutation]
 16881 | Lair:3   | Lost mutation: You are weak. (Str -2) [potion of mutation]
 16881 | Lair:3   | Gained mutation: Your magical capacity is low. (-10% MP)
                  | [potion of mutation]
 16881 | Lair:3   | Gained mutation: You are weak. (Str -2) [potion of
                  | mutation]
 16881 | Lair:3   | Gained mutation: You are partially covered in iridescent
                  | scales. (AC +2) [potion of mutation]
 16882 | Lair:3   | Lost mutation: You are partially covered in iridescent
                  | scales. (AC +2) [potion of mutation]
 16882 | Lair:3   | Lost mutation: Your magical capacity is low. (-10% MP)
                  | [potion of mutation]
 16882 | Lair:3   | Lost mutation: You are weak. (Str -2) [potion of mutation]
 16882 | Lair:3   | Gained mutation: You are agile. (Dex +4, Str/Int -1)
                  | [potion of mutation]
 16882 | Lair:3   | Gained mutation: Potions are less effective at restoring
                  | your health. [potion of mutation]
 16882 | Lair:3   | Gained mutation: You have large cloven feet. [potion of
                  | mutation]
 16883 | Lair:3   | Lost mutation: You are agile. (Dex +4, Str/Int -1) [potion
                  | of mutation]
 16883 | Lair:3   | Lost mutation: Potions are less effective at restoring your
                  | health. [potion of mutation]
 16883 | Lair:3   | Lost mutation: You have large cloven feet. [potion of
                  | mutation]
 16883 | Lair:3   | Gained mutation: You occasionally lose the ability to drink
                  | potions when taking damage. [potion of mutation]
 16883 | Lair:3   | Gained mutation: You have hidden genetic potential. [potion
                  | of mutation]
 16884 | Lair:3   | Lost mutation: You have hidden genetic potential. [potion
                  | of mutation]
 16884 | Lair:3   | Lost mutation: You occasionally lose the ability to drink
                  | potions when taking damage. [potion of mutation]
 16884 | Lair:3   | Gained mutation: You are partially covered in iridescent
                  | scales. (AC +2) [potion of mutation]
 16999 | Lair:3   | Found a staircase to the Shoals.
 18057 | Lair:4   | Reached **** piety under Trog
 18206 | Lair:4   | Reached skill level 18 in Axes
 18229 | Lair:4   | Noticed a seven-headed hydra
 18235 | Lair:4   | Reached XP level 13. HP: 122/122 MP: 12/12
 18381 | Lair:4   | Found a viscous altar of Jiyva.
 18382 | Lair:4   | Found a staircase to the Slime Pits.
 18583 | Lair:5   | Entered Level 5 of the Lair of Beasts
 20271 | Lair:5   | Reached skill level 19 in Axes
 21572 | Lair:5   | Reached skill level 15 in Ranged Weapons
 25084 | Lair:5   | Reached XP level 14. HP: 131/133 MP: 13/13
 26652 | D:12     | Found a staircase to the Orcish Mines.
 26714 | D:12     | Reached skill level 1 in Evocations
 27388 | Orc:1    | Entered Level 1 of the Orcish Mines
 27714 | Orc:2    | Entered Level 2 of the Orcish Mines
 27714 | Orc:2    | Found Jepny's General Store.
 27770 | Orc:2    | Reached skill level 20 in Axes
 28179 | Orc:2    | Bought a tin of tremorstones (2/2) for 600 gold pieces
 28179 | Orc:2    | Bought a scroll of identify for 30 gold pieces
 28179 | Orc:2    | Bought a potion of heal wounds for 75 gold pieces
 29281 | Orc:1    | Found a runed translucent gate.
 29281 | Orc:1    | Found a runed translucent gate.
 29283 | Orc:1    | Found a runed translucent gate.
 29285 | Orc:1    | Noticed Etoax's ghost (journeyman GrFi)
 29285 | Orc:1    | Noticed Rutzi's ghost (journeyman KoHu)
 29285 | Orc:1    | Noticed Moomnono's ghost (journeyman BaWn)
 29285 | Orc:1    | Noticed Daonol's ghost (journeyman TrBe)
 29534 | Orc:2    | Found Ollit's Jewellery Emporium.
 29740 | Orc:2    | Found a runed translucent gate.
 29740 | Orc:2    | Found a runed translucent gate.
 29740 | Orc:2    | Found a runed translucent gate.
 29745 | Orc:2    | Noticed p00ps00p's ghost (journeyman HOFi)
 29761 | Orc:2    | Reached skill level 15 in Fighting
 29766 | Orc:2    | Killed p00ps00p's ghost
 29888 | Orc:2    | Found a staircase to the Elven Halls.
 29951 | Orc:2    | Found Pocvue's Antique Weapon Shoppe.
 30043 | Orc:2    | Noticed a stone giant
 30277 | Orc:1    | Killed a stone giant
 30581 | Orc:2    | Found Ureoj's Antique Armour Shop.
 30753 | Orc:1    | Killed Daonol's ghost
 30758 | Orc:1    | Killed Etoax's ghost
 30765 | Orc:1    | Killed Moomnono's ghost
 30784 | Orc:1    | Killed Rutzi's ghost
 31120 | Orc:1    | Identified the ring "Newohoak" {Str+3 Int+6}
 31229 | D:13     | Found a gate leading to a gauntlet.
 31238 | Gauntlet | Entered a Gauntlet
 31238 | Gauntlet | Found a transporter.
 31238 | Gauntlet | Found a transporter.
 31259 | Gauntlet | Found a transporter.
 31286 | Gauntlet | Found a transporter.
 31287 | Gauntlet | Found a transporter.
 31297 | Gauntlet | Found a transporter.
 31313 | Gauntlet | Found a transporter.
 31313 | Gauntlet | Found a transporter.
 31498 | Gauntlet | Found a transporter.
 31547 | Gauntlet | Identified the ring of Filliodi {Fly rN+ Int+4 Dex+3}
 31557 | Gauntlet | Found a transporter.
 31572 | Gauntlet | Identified the ring "Veabrili" {Will+ Str+3 SInv}
 31689 | Gauntlet | Identified the +0 rapier of the Other Side {freeze, Fragile
                  | rN+ rCorr}
 32798 | D:13     | Identified the +9 falchion of Foxkaunu {freeze, rCorr Int-5
                  | Stlth+}
 32926 | D:13     | Found a sacrificial altar of Ru.
 33089 | D:13     | Reached XP level 15. HP: 138/143 MP: 14/14
 33556 | D:13     | Reached skill level 5 in Evocations
 33818 | Orc:2    | Bought the ring "Fuonej" {Str+3 Slay+4} for 1278 gold
                  | pieces
 34148 | D:13     | Found a gate to the Vaults.
 34878 | D:14     | Noticed Lodul
 35139 | D:14     | Killed Lodul
 35374 | D:14     | Found an opulent altar of Gozag.
 35887 | D:14     | Noticed Agnes
 35901 | D:13     | HP: 3/216 [Agnes/+4 lajatang of electrocution (16)]
 35902 | D:13     | Killed Agnes
 36430 | D:14     | Noticed Rupert
 36438 | D:14     | Killed Rupert
 36685 | D:15     | Entered Level 15 of the Dungeon
 36827 | D:15     | Found a stormy altar of Qazlal.
 37215 | D:15     | Found a corrupted altar of Lugonu.
 37586 | D:15     | Found a staircase to the Depths.
 38058 | Shoals:1 | Entered Level 1 of the Shoals
 38064 | Shoals:1 | HP: 5/145 [harpy (3)]
 38066 | Shoals:1 | Slain by a harpy

Illustrated notes

Levels and vault maps discovered:
D:1:      eino_arrival_cavern_e, layout_basic, basic_ecumenical_altar
D:2:      layout_loops_corners, minmay_octomino_e4
D:3:      layout_loops_corners, amethyst_overflow_temple_binary,
          lemuel_tele_altar, dreamdust_princess_corridor
D:4:      layout_cave_pods, grunt_decor_resistance, nicolae_tricolors,
          uniq_eustachio
D:5:      layout_basic, mainiacjoe_overflow_alcove_2,
          mainiacjoe_overflow_divided_tiny, temple_green, kennysheep_boxes
D:6:      layout_basic, mainiacjoe_overflow_six_doors_small
D:7:      layout_gridville, enter_bailey_5
D:8:      layout_loops_corners, nicolae_overflow_crystal_walls,
          mainiacjoe_overflow_chevrons, ebering_ghost_reflecting_pool
D:9:      layout_irregular_city
D:10:     layout_stronghold, nicolae_dithmenos_shadow_blocks, led_sif_pool,
          okawaru_humans, serial_column_ruins, column_ruins_square_small,
          column_ruins_open_small, column_ruins_columns_straight,
          column_ruins_corridor_straight, column_ruins_columns_straight,
          column_ruins_columns_straight, column_ruins_grid_4, nzn_life_drinkers,
          uniq_nergalle
D:11:     layout_loops_corners, due_lair_maze_entry_diamond
D:12:     layout_roguey, minmay_orc_entry_temple_large
D:13:     layout_basic, erik_vaults_2, serial_curves, eino_curves_04,
          eino_curves_03, gauntlet_entry_generic,
          nicolae_ru_great_annihilating_truth
D:14:     layout_cave_pools, minmay_misc_feat_columns,
          nicolae_gozag_seed_capital, uniq_agnes, uniq_rupert, uniq_lodul
D:15:     grunt_enter_depths_hoard, layout_basic,
          nicolae_qazlal_eye_of_the_storm, marbit_kobold_abyssish
Lair:1:   layout_cave_pods, grunt_megastairs_1, infiniplex_staircase_pool_2
Lair:2:   layout_cellular_growth, hellmonk_spider_entry_life_and_decay,
          beast_lair_carwin_8, uniq_urug
Lair:3:   layout_long_grid, shoals_dummy_entry, nicolae_lair_run_with_the_wolves
Lair:4:   layout_cave_shapes, slime_entry_1, minivault_26
Lair:5:   minmay_lair_end_frog_pond, layout_cave_pods, serial_rivers,
          chequers_serial_rivers_marsh, chequers_serial_rivers_small_3,
          chequers_serial_rivers_micro_d, chequers_serial_rivers_small_a
Shoals:1: layout_shoals, gammafunk_ghost_wrathful_warriors, lemuel_centaur_altar
Orc:1:    layout_diamond_mine, gammafunk_ghost_cemetery
Orc:2:    grunt_orc_gardens, layout_diamond_mine, grunt_orc_garden,
          grunt_orc_garden, grunt_orc_garden, grunt_orc_garden,
          gammafunk_ghost_necromancy

Skill      XL: |  1  2  3  4  5  6  7  8  9 10 11 12 13 14 15 |
---------------+----------------------------------------------+-----
Axes           | 4 5 6 7 8 9 11 13 14 16 18 19 20 | 20.0
Fighting       | 4 5 6 7 8 9 11 12 13 14 15 16 | 16.7
Ranged Weapons | 1 6 8 11 13 15 17 18 | 18.6
Evocations     | 4 6 |  6.6
Armour         | |  2.4
Dodging        | |  2.1

Action                     |  1- 3 |  4- 6 |  7- 9 | 10-12 | 13-15 || total
---------------------------+-------+-------+-------+-------+-------++-------
  Melee: Hand axe          |   102 |    27 |       |       |       ||   129
         Headbutt          |    13 |    11 |    34 |    83 |   210 ||   351
         Punch             |     1 |       |       |       |       ||     1
         Whip              |       |    36 |    30 |       |       ||    66
         Trident           |       |       |    39 |       |       ||    39
         Battleaxe         |       |       |   141 |   424 |   747 ||  1312
         Dire flail        |       |       |       |     8 |    26 ||    34
   Fire: Orcbow            |       |       |    42 |    24 |       ||    66
         Longbow           |       |       |       |   113 |   262 ||   375
  Throw: Stone             |       |    10 |     5 |       |       ||    15
         Boomerang         |       |       |       |    19 |    11 ||    30
         Javelin           |       |       |       |     3 |     2 ||     5
         Dart              |       |       |       |     3 |       ||     3
 Invoke: Berserk           |       |     4 |    15 |    10 |    27 ||    56
         Trog's Hand       |       |     2 |     5 |    16 |    22 ||    45
  Evoke: Wand              |       |       |     5 |       |     8 ||    13
    Use: Scroll            |     4 |     5 |     8 |     7 |    10 ||    34
         Potion            |       |       |       |     5 |    13 ||    18
   Stab: Sleeping          |       |     1 |       |       |       ||     1
         Paralysed         |       |       |       |       |     4 ||     4
 Armour: Animal skin       |    51 |    19 |       |       |       ||    70
         Plate armour      |       |    17 |   228 |   494 |   956 ||  1695
  Dodge: Dodged            |    51 |    21 |    85 |   160 |   267 ||   584
  Block: Buckler           |    11 |     7 |    13 |       |       ||    31
         Other             |       |       |       |       |    62 ||    62
         Reflection        |       |       |       |       |     8 ||     8

Table legend: (Time is in decaauts)
 A = Elapsed time spent in this place.
 B = Non-inter-level travel time spent in this place.
 C = Inter-level travel time spent in this place.
 D = Time resting spent in this place.
 E = Time spent auto-exploring this place.
 F = Levels seen in this place.
 G = Mean time per level.
                   A        B        C        D        E       F      G
               +--------+--------+--------+--------+--------+-----+--------+
         Total |  38383 |  37076 |   1307 |  16721 |  15094 |  25 | 1535.3 |
       Dungeon |  19309 |  18655 |    654 |   5472 |  10483 |  15 | 1287.3 |
          Lair |  14071 |  13520 |    551 |   8286 |   3877 |   5 | 2814.2 |
        Shoals |      7 |      7 |      0 |      0 |      0 |   1 |    7.0 |
  Orcish Mines |   3836 |   3736 |    100 |   2328 |    677 |   2 | 1918.0 |
        Bailey |    710 |    710 |      0 |    380 |     49 |   1 |  710.0 |
      Gauntlet |    449 |    449 |      0 |    254 |      8 |   1 |  449.0 |
               +--------+--------+--------+--------+--------+-----+--------+

Top non-repeatable levels by time:
  Lair:5: 5744 daAuts
    D:13: 3788 daAuts
  Lair:2: 2268 daAuts
  Lair:4: 2152 daAuts
   Orc:1: 2142 daAuts
  Lair:1: 2108 daAuts
  Lair:3: 1796 daAuts
   Orc:2: 1694 daAuts
    D:12: 1693 daAuts
     D:9: 1513 daAuts
     D:8: 1442 daAuts
    D:11: 1385 daAuts
    D:10: 1310 daAuts
    D:15: 1238 daAuts
     D:2: 1177 daAuts
